 Dungeon Crawl Stone Soup version 0.13-a0-2676-gd993d8a (webtiles) character file.

239 JacquesDerrida the Cudgeler (level 4, -4/35 HPs)
             Began as a Demigod Skald on Aug 12, 2013.
             Killed from afar by an orc wizard (10 damage)
             ... with a puff of flame
             ... on Level 3 of the Dungeon.
             The game lasted 00:07:21 (3275 turns).

JacquesDerrida the Cudgeler (Demigod Skald)         Turns: 3275, Time: 00:07:21

HP  -4/35        AC  3     Str 17      XL: 4   Next: 94%
MP   4/11        EV 11     Int 16      God:
Gold 81          SH  0     Dex 16      Spells:  2 memorised,  2 levels left

Res.Fire  : . . .   See Invis. : .   o - -1,+1 orc mace
Res.Cold  : . . .   Warding    : .   b - +0 leather armour
Life Prot.: . . .   Conserve   : .   (no shield)
Res.Poison: .       Res.Corr.  : .   (no helmet)
Res.Elec. : .       Clarity    : .   (no cloak)
Sust.Abil.: . .     Spirit.Shd : .   (no gloves)
Res.Mut.  : .       Stasis     : .   (no boots)
Res.Rott. : .       Flight     : .   (no amulet)
Saprovore : . . .                    (no ring)
                                     (no ring)

@: slightly resistant to hostile enchantments, unstealthy
A: no striking features
a: no special abilities


You were on level 3 of the Dungeon.
You were not hungry.

You visited 1 branch of the dungeon, and saw 3 of its levels.

You collected 61 gold pieces.

Inventory:

Hand weapons
 a - a +0,+0 mace
 o - a -1,+1 orcish mace (weapon)
Missiles
 i - 15 poisoned needles
 n - 5 darts of dispersal (quivered)
Armour
 b - a +0 leather armour (worn)
Comestibles
 d - 4 bread rations
 f - a choko
 m - 2 meat rations
 s - 4 rotting chunks of orc flesh
Scrolls
 e - 2 scrolls of remove curse {unknown}
 j - a scroll of enchant armour {unknown}
 k - 3 scrolls of identify {unknown}
 l - a scroll of blinking {unknown}
 u - a scroll of teleportation {unknown}
Jewellery
 q - a cursed -3 ring of dexterity {unknown}
Potions
 g - a potion of cure mutation {unknown}
 h - a potion of curing
 t - a potion of slowing {unknown}
Books
 c - a book of Battle

   Spells                             Type                      Level
   *Infusion                          Charms                       1
   Shroud of Golubria                 Charms/Translocation         2
   Song of Slaying                    Charms                       2
   *Spectral Weapon                   Hexes/Charms                 3
   Regeneration                       Charms/Necromancy            3
   Song of Shielding                  Charms                       4


   Skills:
 - Level 1.7 Fighting
 * Level 4.7 Maces & Flails
 - Level 0.8 Armour
 - Level 0.8 Dodging
 - Level 1.7 Spellcasting
 + Level 2.9 Charms


You had 2 spell levels left.
You knew the following spells:

 Your Spells              Type           Power        Failure   Level  Hunger
a - Infusion              Chrm           ##....       10%         1    ##.....
b - Spectral Weapon       Hex/Chrm       #.......     38%         3    ####...


Dungeon Overview and Level Annotations

Branches:
Dungeon (3/27)


Message History

The orc hits you with an orcish short sword.
* * * LOW HITPOINT WARNING * * *
Drink which item? (? for menu, Esc to quit)
You feel better. It hits you.
* * * LOW HITPOINT WARNING * * *
The giant newt barely misses you. The orc hits you but does no damage.
Drink which item? (? for menu, Esc to quit)
You feel better. It hits you. The giant newt barely misses you.
The orc hits you with an orcish short sword.
* * * LOW HITPOINT WARNING * * *
It hits you but does no damage.
You hear some strange, mumbled words.
A puff of flame appears from out of thin air!
The puff of flame hits you!
* * * LOW HITPOINT WARNING * * *
The giant newt barely misses you.
You miss it.
You hear some strange, mumbled words.
The puff of flame hits you!
You die...

### #.# ..# #.#
#.#
...#.###########
...'....o.@....#
...#>...)l.....#
#.#######.#.#
######.# #.#.#
#......# #.#.#
#......# #.#.#
#..%...# #.#.#
#......# #.#.#
#......# #.#.#


You could see an orc and a giant newt.

Vanquished Creatures
  An orc priest (D:3)
  5 adders
  A worm (D:2)
  5 giant geckos
  2 orcs (D:3)
  8 bats (D:1)
  3 giant cockroaches
  9 hobgoblins
  7 kobolds
  3 quokkas (D:2)
  2 ball pythons
  3 giant newts
  7 goblins
  10 jackals
  7 rats
73 creatures vanquished.

Notes
Turn   | Place    | Note
--------------------------------------------------------------
     0 | D:1      | JacquesDerrida, the Demigod Skald, began the quest for the Orb.
     0 | D:1      | Reached XP level 1. HP: 16/16 MP: 5/5
   473 | D:1      | Reached XP level 2. HP: 23/23 MP: 6/6
   643 | D:1      | Reached skill level 3 in Maces & Flails
   884 | D:1      | Reached XP level 3. HP: 6/28 MP: 6/9
  1181 | D:2      | Learned a level 3 spell: Spectral Weapon
  1770 | D:2      | Reached skill level 4 in Maces & Flails
  1867 | D:2      | Reached XP level 4. HP: 22/35 MP: 6/11
  2222 | D:2      | Found a radiant altar of Vehumet.
  2854 | D:3      | Found a bloodstained altar of Trog.
  3270 | D:3      | HP: 1/35 [orc/orcish short sword (3)]
  3275 | D:3      | Killed from afar by an orc wizard

Action                   |  1- 3 |  4- 6 || total
-------------------------+-------+-------++-------
Melee: Mace              |   144 |    62 ||   206
 Cast: Infusion          |     6 |     5 ||    11
       Spectral Weapon   |     1 |     2 ||     3
  Use: Potion            |       |     3 ||     3
